 Dungeon Crawl Stone Soup version 0.18-a0-946-g3ac5b32 (webtiles) character file.

26 Duffy the Sneak (level 2, 0/13 HPs)
             Began as a Spriggan Enchanter on Dec 29, 2015.
             Slain by a jackal (3 damage)
             ... on level 2 of the Dungeon.
             The game lasted 00:00:47 (606 turns).

Duffy the Sneak (Spriggan Enchanter)                 Turns: 606, Time: 00:00:48

Health: 0/13       AC:  3    Str:  4    XL:     2   Next: 89%
Magic:  7/7        EV: 18    Int: 16    God:
Gold:   40         SH:  0    Dex: 16    Spells: 2 memorised, 5 levels left

rFire  . . .     SeeInvis +     a - +1 dagger
rCold  . . .     Gourm    .     b - +1 robe
rNeg   . . .     Faith    .     (shield restricted)
rPois  .         Spirit   .     (helmet restricted)
rElec  .         Dismiss  .     (no cloak)
rCorr  .         Reflect  .     (gloves unavailable)
SustAt .         Harm     .     (boots unavailable)
MR     .....                    (no amulet)
Stlth  +++.......               (no ring)
                                (no ring)

@: very quick, not resistant to hostile enchantments, fairly stealthy
A: unfitting armour, see invisible, herbivore 3, speed 3, slow metabolism 2
a: no special abilities


You were on level 2 of the Dungeon.
You were not hungry.

You visited 1 branch of the dungeon, and saw 2 of its levels.

You collected 40 gold pieces.


Innate Abilities, Weirdness & Mutations

You are tiny and cannot use many weapons and most armour.
You have supernaturally acute eyesight.
You are a herbivore.
You cover ground extremely quickly.
You need consume almost no food.


   Skills:
 + Level 1.7 Short Blades
 - Level 3.0 Dodging
 - Level 4.4 Stealth
 * Level 3.7 Spellcasting
 + Level 3.9 Hexes


You had 5 spell levels left.
You knew the following spells:

 Your Spells              Type           Power        Failure   Level  Hunger
a - Corona                Hex            ###....      4%          1    None
l - Ensorcelled Hibernat  Hex/Ice        #.....       14%         2    ##.....

Inventory:

Hand Weapons
 a - a +1 dagger (weapon)
Armour
 b - a +1 robe (worn)
Scrolls
 e - a scroll of identify {unknown}
 f - a scroll of recharging {unknown}
Books
 c - a book of Maledictions
Comestibles
 d - a bread ration

Dungeon Overview and Level Annotations

Branches:
Dungeon (2/15)

Altars:
Vehumet


Message History

You are too injured to fight recklessly!
You are too injured to fight recklessly!
You are too injured to fight recklessly!
You swing at nothing.
You hit the jackal but do no damage. The jackal bites you.
You closely miss the jackal. The jackal misses you.
You hit the jackal.
The jackal is heavily wounded.
The jackal closely misses you. The jackal misses you.
You closely miss the jackal.
The jackal is heavily wounded.
The jackal bites you but does no damage.
You hit the jackal.
The jackal is severely wounded.
The jackal barely misses you.
You hit the jackal but do no damage.
The jackal is heavily wounded.
The jackal completely misses you. The jackal misses you.
You hit the jackal.
You kill the jackal!
You hit the jackal.
The jackal is heavily wounded.
The jackal bites you but does no damage.
You hit the jackal.
The jackal is almost dead.
The jackal misses you.
You barely miss the jackal.
The jackal is almost dead.
The jackal misses you. x2
You hit the jackal.
You kill the jackal!
You hit the jackal but do no damage.
The jackal is severely wounded.
The jackal bites you.
You die...

#.........<.....
#.........######
#.........'.%... ##
####.........###### .>
.............# #.
#.........# #.
#.........#
#.###########.........#
#...[.....h@..........+
##.......########.#.###
#####.#####.# #...#
#.........#.# ##..#
#.###.....#.# #..#
#.##..#.# ##.# ...
..### #. ._. ... #...#
###


You could see a jackal.

Action                   || total
-------------------------++-------
Melee: Dagger            ||    93
 Cast: Ensorcelled Hiber ||     2
 Stab: Sleeping          ||     1

Notes
Turn   | Place    | Note
--------------------------------------------------------------
     0 | D:1      | Duffy the Spriggan Enchanter began the quest for the Orb.
     0 | D:1      | Reached XP level 1. HP: 9/9 MP: 5/5
   354 | D:2      | Reached skill level 3 in Spellcasting
   388 | D:2      | Reached XP level 2. HP: 10/13 MP: 7/7
   402 | D:2      | Learned a level 2 spell: Ensorcelled Hibernation
   532 | D:2      | Found a radiant altar of Vehumet.
   606 | D:2      | Slain by a jackal

Vault maps used:
D:1:      scummos_arrival_hexagon
D:2:      nicolae_overflow_crystal_walls, grunt_gozag_breadcrumbs

Vanquished Creatures
  An adder
  2 bats
  A giant cockroach
  2 goblins
  A hobgoblin
  5 jackals
  2 rats
14 creatures vanquished.
